AoeStats
← KOSOVAR

Yucatan

510569976Analyzed
4v4 RM · 2d ago on Oct 1, 2026· 31m 54s· 8 players
Game mode
Random Map
Map size
Large (8 player)
Population
200
Speed
Normal
Resources
Standard
Victory
Conquest
Starting age
Dark Age
Ending age
Imperial Age
RankedLock teamsTeams togetherTeam positionsShared explorationLock speedFull tech treeHidden civsTurbo modeCheats
Victory
Defeat
🇪🇸 Magyars · Spain
704
+8
🇧🇷 Saxons · Brazil
694
+8
🇺🇸 Hindustanis · United States
627
+12
🇨🇳 Franks · China
622
+11
🇨🇳 Persians · China
620
-13
🇮🇳 Chinese · India
503
-9
🇮🇹 Teutons · Italy
485
-9
🇨🇳 Wei · China
449
-8
mrmarcozope
9:46 Loom
11:45 Feudal Age
12:40 Horse Collar
12:57 Double-Bit Axe
14:56 Wheelbarrow
17:41 Gold Mining
21:58 Castle Age
23:28 Bow Saw
24:56 Hand Cart
25:12 Man-at-Arms
おに惨
1:05 Loom
19:23 Feudal Age
SENKAII
5:07 Loom
11:09 Feudal Age
11:48 Double-Bit Axe
11:51 Horse Collar
16:47 Wheelbarrow
18:17 Wheelbarrow
19:49 Castle Age
KickAss
13:16 Feudal Age
17:25 Double-Bit Axe
17:23 Horse Collar
21:51 Castle Age
20:09 Padded Archer Armor
20:00 Fletching
22:14 Gold Mining
22:16 Stone Mining
22:27 Pikeman
23:08 Squires
23:40 Thumb Ring
KOSOVAR
2:34 Loom
11:10 Feudal Age
15:02 Bloodlines
15:03 Double-Bit Axe
19:19 Scale Barding Armor
25:02 Castle Age
23:12 Stone Mining
23:13 Gold Mining
26:55 Bow Saw
28:35 Corvinian Army
29:29 Horse Collar
31:07 Fletching
31:31 Heavy Plow
Ming
8:50 Feudal Age
9:18 Double-Bit Axe
19:36 Castle Age
20:37 Stone Mining
20:40 Gold Mining
23:02 Gold Shaft Mining
24:16 Padded Archer Armor
26:20 Ordonnance Companies
29:44 Bow Saw
31:37 Leather Archer Armor
Looting
3:15 Loom
12:26 Feudal Age
20:39 Castle Age
21:57 Gold Mining
24:44 Light Cavalry
25:32 Scale Barding Armor
26:24 Forging
27:56 Horse Collar
28:13 Double-Bit Axe
29:15 Wheelbarrow
34:09 Imperial Age
32:16 Padded Archer Armor
TallMan00
0:34 Loom
11:35 Feudal Age
12:07 Double-Bit Axe
15:14 Wheelbarrow
14:25 Town Watch
19:31 Castle Age
17:57 Gold Mining
18:36 Stone Mining
20:08 Fletching
23:24 Gold Shaft Mining
23:43 Hand Cart
23:55 Bow Saw
23:48 Horse Collar
24:44 Treadmill Crane
24:36 Pikeman
25:16 Squires
25:52 Heavy Plow
28:28 Guard Tower
28:34 Murder Holes
30:21 Scale Mail Armor
30:32 Forging
31:29 Bodkin Arrow
31:52 Masonry
Connection lost

Rejoining the realm…

Still unreachable

The connection could not be restored.

Session expired

The server has moved on; the page needs a fresh start.